 Dungeon Crawl Stone Soup version 0.19.0-9-gfd783f2 (webtiles) character file.

61 Ijustatesigmund the Vandal (level 4, -1/29 HPs)
             Began as a Halfling Hunter on Nov 7, 2016.
             Slain by a gnoll
             ... wielding a +0 spear
              (7 damage)
             ... on level 2 of the Dungeon.
             The game lasted 00:03:57 (1276 turns).

Ijustatesigmund the Vandal (Halfling Hunter)        Turns: 1276, Time: 00:03:58

Health: -1/29      AC:  7    Str: 16 (18) XL:     4   Next: 27%
Magic:  4/4        EV: 14    Int:  7 (10) God:
Gold:   103        SH:  0    Dex: 12 (14) Spells: 0 memorised, 3 levels left

rFire  . . .     SeeInvis .     b - +0 short sword
rCold  . . .     Gourm    .     c - +0 leather armour
rNeg   . . .     Faith    .     (shield restricted)
rPois  .         Spirit   .     i - +0 helmet
rElec  .         Reflect  .     (no cloak)
rCorr  .         Harm     .     (no gloves)
MR     .....                    (no boots)
Stlth  +.........               (no amulet)
                                (no ring)
                                j - +3 ring of protection

@: mighty, flying
A: mutation resistance 1
a: no special abilities


You were on level 2 of the Dungeon.
You were not hungry.

You visited 1 branch of the dungeon, and saw 2 of its levels.

You collected 103 gold pieces.

Inventory:

Hand Weapons
 a - a +2 hunting sling
 b - a +0 short sword (weapon)
Missiles
 d - 11 sling bullets
 l - 9 stones (quivered)
Armour
 c - a +0 leather armour (worn)
 i - a +0 helmet (worn)
Jewellery
 j - a +3 ring of protection (left hand)
Scrolls
 m - a scroll of identify {unknown}
 n - a scroll of magic mapping {unknown}
Potions
 e - a potion of flight
 g - a potion of degeneration
Comestibles
 f - a bread ration
 h - 3 meat rations


   Skills:
 - Level 1.7 Fighting
 + Level 4.3 Short Blades
 - Level 5.8 Slings
 - Level 2.1 Dodging
 - Level 1.1 Stealth


You had 3 spell levels left.
You didn't know any spells.

Dungeon Overview and Level Annotations

Branches:
Dungeon (2/15)

Altars:


Innate Abilities, Weirdness & Mutations

You are small and have problems with some larger weapons.
You are somewhat resistant to further mutation.


Message History

It was a potion of degeneration.
There was something very wrong with that liquid.
You feel weakened.
You feel dopey.
You feel clumsy. The gnoll closely misses you.
The gnoll hits you but does no damage.
It was a potion of might.
You feel very mighty all of a sudden.
The gnoll hits you from afar with a spear.
* * * LOW HITPOINT WARNING * * *
The gnoll misses you.
You barely miss the gnoll. The gnoll closely misses you.
The gnoll barely misses you.
You closely miss the gnoll. The gnoll hits you but does no damage.
You puncture the gnoll!
The gnoll is heavily wounded.
The gnoll misses you. The gnoll hits you but does no damage.
You puncture the gnoll!
You kill the gnoll!
The gnoll closely misses you. The gnoll hits you with a spear!
You die...

#..'.≈≈.# ###.#.##
#'##.≈≈.#. ##......#
#.(#.≈≈.#.###.##.#..#
#.8#.≈≈.##.#.##.....####
#.##.≈≈.# #.###.........
#.##.≈≈.# #.# #......###
#.##.≈≈.# #.###......#
#..#.≈≈.# ##.###....##
#.8#.≈≈.# ##.#@#...#
#.##.≈≈.# ##.##g....#
#.##.≈≈.# #.###(...##
#)##.≈≈.##.#.##(#..#
#..#.≈≈.#.###.##...#
#.8#.≈≈.#. #.# (...
#.##.≈≈.# ##.# (....
#.##.≈≈.## #.## #..##.
#†##.≈≈..###.#


You could see a gnoll.

Vanquished Creatures
  2 gnolls (D:2)
  An adder (D:2)
  A ball python (D:1)
  3 giant cockroaches
  6 hobgoblins
  2 kobolds
  A quokka (D:2)
  4 bats
  3 frilled lizards (D:1)
  4 goblins
  5 rats
32 creatures vanquished.

Notes
Turn   | Place    | Note
-------+----------+-------------------------------------------
     0 | D:1      | Ijustatesigmund the Halfling Hunter began the quest for the Orb.
     0 | D:1      | Reached XP level 1. HP: 14/14 MP: 1/1
    63 | D:1      | Reached skill level 1 in Short Blades
   142 | D:1      | Reached XP level 2. HP: 19/19 MP: 2/2
   834 | D:1      | Reached XP level 3. HP: 24/24 MP: 3/3
  1266 | D:2      | Reached XP level 4. HP: 18/29 MP: 4/4
  1276 | D:2      | Slain by a gnoll

Skill      XL: |  1  2  3  4 |
---------------+-------------+-----
Short Blades   | 1 2 3 4 |  4.3
Fighting       | |  1.7
Slings         | |  5.8
Dodging        | |  2.1
Stealth        | |  1.1

Action                   |  1- 3 |  4- 6 || total
-------------------------+-------+-------++-------
Melee: Short sword       |     5 |     5 ||    10
 Fire: Hunting sling     |    59 |       ||    59
  Use: Scroll            |     5 |       ||     5
       Potion            |       |     3 ||     3
  Eat: Chunk             |     1 |       ||     1
Armor: Leather armour    |     2 |     3 ||     5
Dodge: Dodged            |     7 |     7 ||    14
